 Dungeon Crawl Stone Soup version 0.23-a0-79-gaa8cc03 (webtiles) character file.

95 Amnesiac the Conjurer (level 4, -7/30 HPs)
             Began as a Mummy Air Elementalist on Aug 11, 2018.
             Shot with an arrow by a centaur (13 damage)
             ... on level 6 of the Dungeon.
             The game lasted 00:06:35 (1651 turns).

Amnesiac the Conjurer (Mummy Air Elementalist)      Turns: 1651, Time: 00:06:35

Health: -7/30      AC:  2    Str: 11    XL:     4   Next: 39%
Magic:  5/8        EV: 12    Int: 15    God:
Gold:   52         SH:  0    Dex: 12    Spells: 7/8 levels left

rFire    . . .     SeeInvis .   f - staff of fire
rCold    + . .     Gourm    .   (no shield)
rNeg     + + +     Faith    .   c - +0 robe
rPois    ∞         Spirit   .   (no helmet)
rElec    .         Reflect  .   (no cloak)
rCorr    .         Harm     .   (no gloves)
MR       .....                  (no boots)
Stlth    ++........             (no amulet)
HPRegen  0.10/turn              (no ring)
MPRegen  0.11/turn              (no ring)

@: about to teleport
A: no food or potions, fire vulnerability, cold resistance 1, negative energy
resistance 3, torment resistance, unbreathing
a: no special abilities


You were on level 6 of the Dungeon.
You were not hungry.

You visited 1 branch of the dungeon, and saw 6 of its levels.

You collected 52 gold pieces.

Inventory:

Hand Weapons
 a - a +0 rapier
Armour
 c - a +0 robe (worn)
Magical Staves
 f - an uncursed staff of fire (weapon)
Jewellery
 g - an uncursed ring of positive energy {unknown}
Scrolls
 d - a scroll of teleportation {!r}


   Skills:
 - Level 1.5 Dodging
 - Level 1.5 Stealth
 + Level 2.7 Spellcasting
 - Level 3.3 Conjurations
 * Level 2.7 Air Magic


You had 7 spell levels left.
You knew the following spells:

 Your Spells              Type           Power        Failure   Level  Hunger
a - Shock                 Conj/Air       ##..         6%          1    N/A

Your spell library contained the following spells:

 Spells                   Type           Power        Failure   Level  Hunger
 Lightning Bolt           Conj/Air       ##........   86%         5    N/A
 Swiftness                Chrm/Air       #.......     19%         2    N/A
 Airstrike                Air            ##........   56%         4    N/A
 Static Discharge         Conj/Air       ##......     19%         3    N/A

Dungeon Overview and Level Annotations

Branches:
Dungeon (6/15)
 Temple: D:4-7

Altars:
Dithmenos
Makhleb
Okawaru
Xom
The Shining One


Innate Abilities, Weirdness & Mutations

You do not eat or drink.
Your flesh is vulnerable to fire.
You are immune to poison.
Your flesh is cold resistant. (rC+)
You are immune to negative energy. (rN+++)
You are immune to unholy pain and torment.
You can survive without breathing.


Message History

Confirm with . or Enter, or press ? or * to list all spells.
Aiming: Shock (safe; 6% risk of failure)
Press: ? - help, Shift-Dir - straight line, f/p - ball python
Aim: a ball python (severely wounded)
The zap hits the ball python.
You kill the ball python!
Unknown command.
You hear the slow rusting of a distant drain.
Found a stone staircase leading up.
Found a mace.
Found a burning altar of Makhleb.
Found three altars.
You see here a mace.
You hear the slow rusting of a distant drain.
A shadow imp comes into view.
Casting: Shock (safe; 6% risk of failure)
Confirm with . or Enter, or press ? or * to list all spells.
Aiming: Shock (safe; 6% risk of failure)
Press: ? - help, Shift-Dir - straight line, f - shadow imp
Aim: a shadow imp (resting)
The zap hits the shadow imp.
The shadow imp appears unharmed.
The shadow imp shouts, "Run away, thou euchred clay-brained deado!"
Unknown command.
Casting: Shock (safe; 6% risk of failure)
Confirm with . or Enter, or press ? or * to list all spells.
Aiming: Shock (safe; 6% risk of failure)
Press: ? - help, Shift-Dir - straight line, f/p - shadow imp
Aim: a shadow imp The zap hits the shadow imp.
The shadow imp is moderately wounded.
Unknown command.
Casting: Shock (safe; 6% risk of failure)
Confirm with . or Enter, or press ? or * to list all spells.
Aiming: Shock (safe; 6% risk of failure)
Press: ? - help, Shift-Dir - straight line, f/p - shadow imp
Aim: a shadow imp (moderately wounded)
The zap misses the shadow imp.
A centaur comes into view.
Unknown command.
Casting: Shock (safe; 6% risk of failure)
Confirm with . or Enter, or press ? or * to list all spells.
Aiming: Shock (safe; 6% risk of failure)
Press: ? - help, Shift-Dir - straight line, f/p - shadow imp
Aim: a shadow imp (moderately wounded)
The zap hits the shadow imp.
The shadow imp is heavily wounded.
The centaur shouts!
The centaur wields a shortbow.
The centaur shoots an arrow.
The arrow hits you.
* * * LOW HITPOINT WARNING * * *
The centaur shoots an arrow.
The arrow closely misses you.
Really read
d - 2 scrolls of teleportation {!r}?
As you read the scroll of teleportation {!r}, it crumbles to dust.
You feel strangely unstable.
The centaur shoots an arrow.
The arrow hits you!
* * * LOW HITPOINT WARNING * * *
Really read
b - a scroll labeled ZIUBBA ZERPHO {!r}?
As you read the scroll labeled ZIUBBA ZERPHO {!r}, it crumbles to dust.
You assume a fearsome visage.
Nothing appears to happen.
It was a scroll of fear {!r}.
Really read
e - a scroll labeled SYINEO CUDESU {!r}?
As you read the scroll labeled SYINEO CUDESU {!r}, it crumbles to dust.
You feel as if something is helping you.
It was a scroll of remove curse {!r}.
The centaur shoots an arrow.
The arrow hits you!
You die...

##### #....8.#.#.#.#..
#...### #....#.#.#⌠#.#.#
#.#...## #....###########
#.###..# #...............
##..###.####...............
#...###....#...............
#.....##....)..<........†..
###....##.#.#......#......#
#....(#(@............####
#.....c##.#............
#...(...#.#.........###
#.......#...##..#.#.
#............ .#..
#.....c...... #..
#.......#.#...
.........c......
.............


You could see a centaur.

Vanquished Creatures
  A scorpion (D:5)
  An adder (D:3)
  An ooze (D:3)
  2 dart slugs
  2 leopard geckos (D:4)
  5 orcs
  A giant cockroach (D:3)
  A goblin (D:3)
  2 hobgoblins
  A quokka (D:2)
  2 ball pythons
  A frilled lizard (D:4)
  2 kobolds (D:3)
  2 quokka skeletons (D:4)
  2 rats
26 creatures vanquished.

Notes
Turn   | Place    | Note
-------+----------+-------------------------------------------
     0 | D:1      | Amnesiac the Mummy Air Elementalist began the quest for the Orb.
     0 | D:1      | Reached XP level 1. HP: 13/13 MP: 4/4
    39 | D:1      | You fall through a shaft!
    45 | D:2      | Reached skill level 1 in Conjurations
   303 | D:3      | Reached XP level 2. HP: 19/19 MP: 3/5
   504 | D:3      | Reached skill level 2 in Conjurations
   586 | D:3      | Reached XP level 3. HP: 24/24 MP: 4/7
   797 | D:4      | Found a glowing golden altar of the Shining One.
   997 | D:5      | Entered Level 5 of the Dungeon
  1035 | D:5      | Noticed a scorpion
  1490 | D:5      | Killed a scorpion
  1490 | D:5      | Reached skill level 3 in Conjurations
  1490 | D:5      | Reached XP level 4. HP: 5/30 MP: 0/8
  1510 | D:5      | Noticed a centaur
  1521 | D:5      | Noticed a necrophage
  1596 | D:6      | Found a burning altar of Makhleb.
  1602 | D:6      | Found a shimmering altar of Xom.
  1602 | D:6      | Found a shadowy altar of Dithmenos.
  1602 | D:6      | Found an iron altar of Okawaru.
  1643 | D:6      | Noticed a centaur
  1651 | D:6      | Shot with an arrow by a centaur

Vault maps used:
D:1:      dpeg_arrival_three_same_balls
D:2:      minmay_liquid_box, nrook_loot_triangle, serial_bayou_pond_c,
          uniq_robin, uniq_crazy_yiuf_cottage, uniq_natasha, uniq_sigmund
D:3:      nicolae_overflow_crystal_walls, lemuel_blue_sif_altar, first_ration
D:4:      tso_metal_star
D:5:      grunt_temple_overflow_open, serial_shops, shop, roderic_roman_lattice,
          serial_bayou_lagoon_b, uniq_grinder
D:6:      minitemple, cheibrodos_sewer_entry_drain, uniq_blork_the_orc

Skill      XL: |  1  2  3 |
---------------+----------+-----
Conjurations   | 1 2 3 |  3.3
Dodging        | |  1.5
Stealth        | |  1.5
Spellcasting   | |  2.7
Air Magic      | |  2.7

Action                   |  1- 3 |  4- 6 || total
-------------------------+-------+-------++-------
 Cast: Shock             |    54 |     8 ||    62
  Use: Scroll            |       |     4 ||     4
Armor: Robe              |     2 |       ||     2
Dodge: Dodged            |    20 |     2 ||    22

Table legend:
 A = Non-vault XP
 B = Vault XP
 C = Vault XP percentage of total XP
 D = Non-vault monster count
 E = Vault monster count
 F = Vault count percentage of total count
 G = Total turns spent on level
                 A         B        C        D         E       F
            +---------+---------+-------+---------+---------+-------
      Total |     136 |       0 |   0.0 |      26 |       0 |   0.0
            +---------+---------+-------+---------+---------+-------
        D:2 |       9 |       0 |   0.0 |       4 |       0 |   0.0
        D:3 |      33 |       0 |   0.0 |      10 |       0 |   0.0
        D:4 |      25 |       0 |   0.0 |      10 |       0 |   0.0
        D:5 |      67 |       0 |   0.0 |       1 |       0 |   0.0
        D:6 |       2 |       0 |   0.0 |       1 |       0 |   0.0
            +---------+---------+-------+---------+---------+-------
